Cogmind - Beta 14 @@@ ROGUE MODE // 2024.12.29 @ 07:06:26 Player: Roboardo Result: Destroyed by YI-UF0 with YI-UF0's Doublenader Performance ------------- Evolutions (1) 500 Regions Visited (3) 600 Robots Destroyed (6) 30 Value Destroyed (212) 212 Prototype IDs (0) 0 Alien Tech Used (0) 0 Bonus (0) 0 TOTAL SCORE: 1342 Bonus ------- None Cogmind --------- Core Integrity 0/400 Matter 270/300 Energy 185/250 System Corruption 0% Temperature Cool (0) Movement Core (100) Ox1 Location -9/Mines Parts ------- > --- POWER (1) -------- Ion Engine > --- PROPULSION (4) --- Aluminum Leg > --- UTILITY (2) ------ (None) > --- WEAPON (2) ------- Small Laser > --- INVENTORY (5) ---- (None) Peak State ------------ > --- POWER ------------ Improved Ion Engine > --- PROPULSION ------- Aluminum Leg Aluminum Leg Aluminum Leg Aluminum Leg > --- UTILITY ---------- Improved Heat Sink Light Armor Plating > --- WEAPON ----------- Light Assault Rifle > --- INVENTORY -------- Ion Engine Aluminum Leg [Rating: 11] Favorites ----------- Power Ion Engine Engine Ion Engine Propulsion Aluminum Leg Leg Aluminum Leg Utility Improved Heat Sink Device Improved Heat Sink Protection Light Armor Plating Weapon Light Assault Rifle Energy Gun Small Laser Ballistic Gun Light Assault Rifle Build | -11 -10 -9 -9 ------- Run | Yrd Mat Mat Min Slots Evolved 2 | . . 2 . Power . | . . . . Propulsion 2 | . . 2 . Utility . | . . . . Weapon . | . . . . Parts Attached 16 | 3 5 5 3 Power 4 | 1 1 1 1 Engine 4 | 1 1 1 1 Core . | . . . . Reactor . | . . . . Propulsion 7 | 2 . 4 1 Treads . | . . . . Leg 7 | 2 . 4 1 Wheel . | . . . . Hover . | . . . . Flight . | . . . . Utility 3 | . 3 . . Device 2 | . 2 . . Storage . | . . . . Processor . | . . . . Hackware . | . . . . Protection 1 | . 1 . . Artifact . | . . . . Weapon 2 | . 1 . 1 Energy Gun 1 | . . . 1 Energy Cannon . | . . . . Ballistic Gun 1 | . 1 . . Ballistic Cannon . | . . . . Launcher . | . . . . Special Weapon . | . . . . Impact Weapon . | . . . . Slashing Weapon . | . . . . Piercing Weapon . | . . . . Special Melee Weapon . | . . . . Unidentified Prototypes . | . . . . Parts Lost 7 | . . . 7 Power . | . . . . Propulsion 4 | . . . 4 Utility 2 | . . . 2 Weapon 1 | . . . 1 Highest Loss Streak 4 | . . . 4 To Critical Strikes . | . . . . Average Slot Usage (%) 47 | . 74 74 21 Engine 6 | . 14 11 1 Leg 21 | . 28 30 13 Device 8 | . 15 11 4 Protection 3 | . 2 11 . Ballistic Gun 7 | . 13 11 2 Peak Build Rating 11 | 3 8 11 11 Average Rating 5 | 2 6 9 2 On Entrance 5 | . 3 8 11 Naked Turns 192 | . . . 192 Heaviest Build 12 | 5 10 12 6 Greatest Support 40 | 20 20 40 40 Greatest Overweight (x) 1 | . . . 1 Average Overweight (x) . | . . . . Largest Inventory Capacity 5 | 5 5 5 5 Average Capacity 5 | 5 5 5 5 Most Carried 4 | 3 3 4 3 Average Carried 1 | 1 1 2 1 Final Capacity 5 | 5 5 5 5 Final Carried 2 | 2 2 2 . Class Distribution -------------------- 75% | Mutant 24% | Scavenger-Mutant Dominant Class ---------------- Mutant | -10/Materials Mutant | -9/Materials Mutant | -9/Mines Resources | -11 -10 -9 -9 ----------- Run | Yrd Mat Mat Min Matter Collected 377 | 176 92 81 28 Remotely . | . . . . Salvage Created 226 | . 92 82 52 Parts 14 | . 8 5 1 Haulers Intercepted . | . . . . Recyclers Shooed 2 | . 1 1 . Parts Field Recycled . | . . . . Retrieved Matter . | . . . . Parts Self-Destructed . | . . . . Prevented . | . . . . Kills | -11 -10 -9 -9 ------- Run | Yrd Mat Mat Min Combat Hostiles Destroyed 5 | . 2 2 1 Guns 5 | . 2 2 1 Classes Destroyed 3 | . 2 . 1 Watcher 1 | . 1 . . Grunt 4 | . 2 2 . Duelist 1 | . . . 1 Best Kill Streak 3 | . 3 2 1 Combat Bots Only 2 | . 2 2 1 Max Kills in Single Turn 1 | . 1 1 1 Gunslinging . | . . . . Exploded . | . . . . Melee . | . . . . Uniques/NPCs Destroyed . | . . . . Combat | -11 -10 -9 -9 -------- Run | Yrd Mat Mat Min Hostile Shots Fired 132 | . 9 16 107 Missed 48 | . 2 4 42 Damage Taken 1154 | . 99 132 923 Core 438 | . 35 22 381 Absorbed by Shields . | . . . . Core Remaining (%) 93 | 100 86 . . Volleys Fired 74 | . 15 25 34 Largest 1 | . 1 1 1 Hottest 20 | . 20 20 20 Shots Fired 74 | . 15 25 34 Gun 74 | . 15 25 34 Cannon . | . . . . Launcher . | . . . . Special . | . . . . Kinetic 74 | . 15 25 34 Thermal . | . . . . Explosive . | . . . . Electromagnetic . | . . . . Robot Hit Streak 8 | . 3 3 8 Robot Miss Streak 5 | . 2 3 5 Penetration Max . | . . . . Secondary Targets . | . . . . Shots Hit Robots 44 | . 9 11 24 Core Hits 19 | . 8 5 6 Critical Kills . | . . . . Critical Parts Destroyed 1 | . . . 1 Critical Strikes 1 | . . . 1 Destroy 1 | . . . 1 Melee Attacks . | . . . . Impact . | . . . . Slashing . | . . . . Piercing . | . . . . Sneak Attacks . | . . . . Combat Hostiles . | . . . . Follow-up Attacks . | . . . . Damage Inflicted 356 | . 98 88 170 Guns 356 | . 98 88 170 Cannons . | . . . . Explosions . | . . . . Melee . | . . . . Ramming . | . . . . Kinetic 356 | . 98 88 170 Thermal . | . . . . Explosive . | . . . . Electromagnetic . | . . . . Impact . | . . . . Slashing . | . . . . Piercing . | . . . . Highest Corruption . | . . . . Average Corruption . | . . . . Corruption Purged . | . . . . Corruption Blocked . | . . . . Overload Shots . | . . . . Overflow Damage . | . . . . Projectiles . | . . . . Explosions . | . . . . Melee . | . . . . Knockbacks . | . . . . Impact . | . . . . Kinetic . | . . . . Secondary . | . . . . Self-Inflicted Damage . | . . . . Shots . | . . . . Rammed . | . . . . Targets Rammed . | . . . . Kicked . | . . . . Crushed . | . . . . Highest Temperature 15 | . 15 . . Average Temperature 8 | . 8 . . Received Heat Transfer 300 | . 54 72 174 Siege Activations . | . . . . Robots Corrupted . | . . . . Combat Hostiles . | . . . . Parts Fried . | . . . . Impact Corruptions . | . . . . Robots Melted . | . . . . Combat Hostiles . | . . . . Parts Melted . | . . . . Heat Transferred . | . . . . Parts Sabotaged . | . . . . Parts Stolen . | . . . . Parts Stripped . | . . . . Power Chain Reactions . | . . . . Alert | -11 -10 -9 -9 ------- Run | Yrd Mat Mat Min Peak Influence 84 | . 72 84 67 Initial 32 | . . 29 32 Average 42 | . 59 49 38 Maximum Alert Level . | . . . . Low Security (%) 100 | 100 100 100 100 Level 1 . | . . . . Level 2 . | . . . . Level 3 . | . . . . Level 4 . | . . . . Level 5 . | . . . . High Security . | . . . . Max Security . | . . . . Squads Dispatched . | . . . . Investigation . | . . . . Extermination . | . . . . Reinforcement . | . . . . Assault . | . . . . Garrison . | . . . . Intercept . | . . . . Searches Triggered . | . . . . Construction Impeded . | . . . . Haulers Reinforced . | . . . . Active Scanning Responses . | . . . . Cargo Convoy Interrupts . | . . . . Stealth | -11 -10 -9 -9 --------- Run | Yrd Mat Mat Min Distress Signals 1 | . . 1 . Communications Jammed . | . . . . Distress Signals . | . . . . Times Spotted 17 | . 3 4 10 Peak Tracking Total 5 | . 2 3 5 Tactical Retreats 3 | . . . 3 Traps | -11 -10 -9 -9 ------- Run | Yrd Mat Mat Min Traps Triggered . | . . . . Indirectly . | . . . . Trap Hack Attempts . | . . . . Triggered . | . . . . Disarmed . | . . . . Reprogrammed . | . . . . Reused . | . . . . Traps Extracted . | . . . . Installed . | . . . . Triggered . | . . . . Machines | -11 -10 -9 -9 ---------- Run | Yrd Mat Mat Min Machines Disabled . | . . . . Max in Single Turn . | . . . . Machines Repaired . | . . . . Machines Dismantled . | . . . . Machines Sabotaged . | . . . . Overloaded Fab Kills . | . . . . Hacking | -11 -10 -9 -9 --------- Run | Yrd Mat Mat Min Machines Accessed 3 | . 2 . 1 Terminals 3 | . 2 . 1 Fabricators . | . . . . Repair Stations . | . . . . Recycling Units . | . . . . Scanalyzers . | . . . . Garrison Access . | . . . . Total Hacks 7 | . 5 . 2 Successful 2 | . 2 . . Failed 5 | . 3 . 2 Catastrophic . | . . . . Database Lockouts . | . . . . Manual . | . . . . Terminals 7 | . 5 . 2 Fabricators . | . . . . Repair Stations . | . . . . Recycling Units . | . . . . Scanalyzers . | . . . . Garrison Access . | . . . . Terminal Hacks 2 | . 2 . . Record 2 | . 2 . . Fabricator Hacks . | . . . . Repair Station Hacks . | . . . . Recycling Unit Hacks . | . . . . Scanalyzer . | . . . . Garrison Access Hacks . | . . . . Unauthorized Hacks . | . . . . Terminals . | . . . . Fabricators . | . . . . Repair Stations . | . . . . Recycling Units . | . . . . Scanalyzers . | . . . . Garrison Access . | . . . . Data Cores Recovered . | . . . . Used . | . . . . Hacking Detections 2 | . 1 . 1 Full Trace Events . | . . . . Feedback Events . | . . . . Feedback Blocked . | . . . . Robot Schematics Acquired . | . . . . Robots Built . | . . . . Authchips . | . . . . Time . | . . . . Total Robot Build Rating . | . . . . Part Schematics Acquired . | . . . . Parts Built . | . . . . Authchips . | . . . . Time . | . . . . Total Part Build Rating . | . . . . Parts Repaired . | . . . . Time . | . . . . Parts Recycled . | . . . . Recycled Matter . | . . . . Retrieved Matter . | . . . . Retrieved Components . | . . . . Parts Scanalyzed . | . . . . Part Schematics Acquired . | . . . . Parts Damaged . | . . . . Bothacking | -11 -10 -9 -9 ------------ Run | Yrd Mat Mat Min Used RIF Installer . | . . . . Robots Hacked . | . . . . Non-combat . | . . . . Combat . | . . . . Robot Hacks Applied . | . . . . Relay Couplers Released . | . . . . Fabnet Peak Effective % . | . . . . Robots Rewired . | . . . . Allies Hacked . | . . . . Hacks Repelled . | . . . . Allies | -11 -10 -9 -9 -------- Run | Yrd Mat Mat Min Total Allies . | . . . . Largest Group . | . . . . Highest-Rated Group . | . . . . Highest-Rated Ally . | . . . . Total Orders . | . . . . Ally Attacks . | . . . . Total Damage . | . . . . Kills . | . . . . Allies Corrupted . | . . . . Allies Melted . | . . . . Intel | -11 -10 -9 -9 ------- Run | Yrd Mat Mat Min Robot Analysis Total . | . . . . Derelict Logs Recovered 1 | . . . 1 Drone Launches . | . . . . Drone Recoveries . | . . . . Exploration | -11 -10 -9 -9 ------------- Run | Yrd Mat Mat Min Turns Passed 757 | 49 167 175 366 Spaces Moved 592 | 40 109 98 345 Core 274 | 9 . . 265 Treads . | . . . . Legs 318 | 31 109 98 80 Wheels . | . . . . Hover . | . . . . Flight . | . . . . Fastest Speed 50 | 50 120 120 50 Average Speed 88 | 104 120 120 68 Slowest Speed 120 | 120 120 120 120 Overloaded Moves . | . . . . Propulsion Burnouts . | . . . . Robots Hopped . | . . . . Cave-ins Triggered . | . . . . Exploration Rate (%) 23 | 4 23 15 50 Regions Visited 3 Branch Regions 1 Pre-discovered Areas 1 | . . . 1 Known Exits Taken . | . . . . Unknown Exits Taken 3 | 1 1 1 . Scrap Searched . | . . . . Spaces Dug . | . . . . Terrain Destroyed . | . . . . Melee . | . . . . Projectile . | . . . . AOE . | . . . . Terrain Rammed . | . . . . Walls Destroyed . | . . . . Machines Disabled . | . . . . Actions | -11 -10 -9 -9 --------- Run | Yrd Mat Mat Min Total 763 | 47 133 135 448 Wait 65 | . . . 65 Move 589 | 39 108 97 345 Hop . | . . . . Pick Up 15 | 5 4 5 1 Fast Attach . | . . . . Attach 12 | 3 4 2 3 Detach . | . . . . Swap 4 | . 1 3 . Drop 4 | . 1 3 . Fire 74 | . 15 25 34 Melee . | . . . . Ram . | . . . . Kick . | . . . . Crush . | . . . . Escape Stasis . | . . . . Rewire . | . . . . Trap . | . . . . Miscellaneous . | . . . . Route ------- -11/Scrapyard -10/Materials (discovered 2 exits: [*Mat] / [*Min]) -9/Materials -9/Mines (discovered 2 exits: [*Mat] / Exi) History --------- Turn | Location | Event 2 | -11/Scrapyard | Met Revision 17 15 | -11/Scrapyard | Discovered new exit (range 15) 50 | -11/Scrapyard | Entered Materials 59 | -10/Materials | Discovered new exit (range 16) 197 | -10/Materials | Discovered new exit (range 9) 217 | -10/Materials | Entered another Materials area 217 | -9/Materials | Evolved 2 slots: Propulsion x2 308 | -9/Materials | Build established: Mutant 374 | -9/Materials | Discovered new exit (range 14) 392 | -9/Materials | Entered Mines 509 | -9/Mines | Identified exit to Exiles 534 | -9/Mines | YI-UF0 nonchalantly dropped a Grenade Launcher on the ground 550 | -9/Mines | Core integrity fell below 50% 580 | -9/Mines | Lost 4 parts (3n1u) 702 | -9/Mines | Core integrity fell below 20% 711 | -9/Mines | Learned location of Storage (-7) 752 | -9/Mines | Discovered new exit (range 13) 758 | -9/Mines | Destroyed by YI-UF0 with YI-UF0's Doublenader Last Messages --------------- failed. Whatever you do stay away from that place, they've tightened security following our previous successful raids." World map updated: -7/Storage. VV-BPE(g): "We scattered so the Unaware couldn't effectively use their advantage in numbers, and I suggest you do the same." VV-BPE(g) slips back into the shadows. Acquired Aluminum Leg. EXIT=FOUND Open spaces previously occupied by now-destroyed walls and earth have a slight glow to them. Consecutive moves through these unstable areas may cause a cave-in, but only if doing so for extended periods. Tunneling a short distance between rooms is safe unless the area was destabilized by an explosion. The unstable cave ceiling collapses. YI-UF0: "WHAAM!" S-10 Pest destroyed. Map ----- +----------------------------------------------------+ | ## ### ## #????## ##??????????????????? | | # ##???# #???????????????????? | | ##??# ##???????????????????? | | #### ##????????????????????? | | # ### ##########????????????? | | # ## #????????????? | | % ### ######## #????????????? | | % ##### ##??????# #????????????? | | ## ! #### #???????# #????????????? | | # #### ### ### #???????# #????????????? | | # ##??# #?##! %## #???????# #????????????? | | ##???# #??#% #???????# #????????????? | | ##????# #??# #####???????# ############?? | | ###?????# #?### # #???????????# #?? | | ###???????# #?# ## # #???????????############ #?? | | ??????????# #?## # # #??????????????????????# #?? | | ??????????# #?# # # #??????????????????????# #?? | | ??????????# #?# # # ###????????????????????# #?? | | ??????????# ###### ## ####??????????????##### ### | | ??????????# ## # ## ###?????????????# | | ??????????# ## # #?????????###?# ####### | | ??????????## ### ##### ##????????# ?????????# | | ???????????# #?## #####????# #?????????# | | ?????????### #??### ## ##?#?# #?????????# | | ????????## ##?## # #?# #?????????# | | ???????## #??### @ #### ########### | | ??????## ##????# g % ## | | ??????# ##?????# ## | | ?????## ##??????# # # #### | | ###?## ####???????## ##???# | | ### ##??????????? # # ###????##### | | #??????????? = ######??????????# | | ##?????????? * #???????????????# | | ### ###?????????? < #???????????????### | | #?####???????????## ! # #?????????????????? | | ??????????????????# ? ###?????????????????? | | ??????????????????#### ? # ##???????????????????? | | ?????????????????????? ?#?##?????????????????????? | | | | | | | | | | | | | | | | | | | | | | | | | +----------------------------------------------------+ Best States ------------- Heat Dissipation 49 Energy Generation 12 Energy Capacity 265 Matter Stores 300 Matter Capacity 300 Sight Range 16 Terrain Scan Density 10 Armor Coverage 150 Evasion (%) 55 Item Schematics ----------------- None Robot Schematics ------------------ None Fabricated ------------ Nothing Alien Tech Used ----------------- None Achievements -------------- None Challenges ------------ None Game ------ Seed IonicAbsorptionInverter Manual? 0 Play Time 00:13:57 Cumulative 2.2 hours Start 2024.12.29 @ 06:51:02 End 2024.12.29 @ 07:06:26 Sessions 1 Manual Loads 0 Difficulty Rogue Special Mode None Game No. 3 Rogue 3 Adventurer 0 Explorer 0 Win Type - Total 0 Types 0/0/0/0/0/0/0/0/0 Lore% 2 Gallery% 4 Achievement% 6 Wizard Run 0 Options --------- Layout 1 ASCII 0 Keyboard 0 Movement Mouse Keybinds 0 Fullscreen 1 Font 24/Smallcaps Map View 50x35 Zoom Use 0% Tactical HUD 0 Map Filters NONE Filters NONE Steam 1 RUN: 6452b17d-9d58-4dea-8362-da935adc6f01